 Dungeon Crawl Stone Soup version 0.25-a0-734-g73332aeda9 (webtiles) character file.

Game seed: 15190810123245947778, levelgen mode: deterministic

1994 FessEmpty the Magician (level 9, 0/65 HPs)
             Began as a Gnoll Venom Mage on Apr 10, 2020.
             Was a Follower of Uskayaw.
             Slain by a shadow wraith (17 damage)
             ... on level 9 of the Dungeon.
             The game lasted 00:23:36 (2829 turns).

FessEmpty the Magician (Gnoll Venom Mage)           Turns: 2829, Time: 00:23:37

Health: 0/65       AC:  8    Str: 10    XL:     9   Next: 21%
Magic:  6/18       EV: 16    Int: 22    God:    Uskayaw [*.....]
Gold:   317        SH:  6    Dex: 21    Spells: 7/20 levels left

rFire    . . .     SeeInvis .   A - +7 falchion "Kagor" {vamp, *Noise rElec Dex+4}
rCold    . . .     Gourm    .   y - +0 buckler
rNeg     . . .     Faith    .   e - +0 leather armour
rPois    .         Spirit   .   (no helmet)
rElec    +         Reflect  .   i - +0 cloak (curse)
rCorr    .         Harm     .   (no gloves)
MR       .....                  f - +0 pair of boots
Stlth    +++.......             (no amulet)
HPRegen  0.20/turn              w - +3 ring of protection
MPRegen  0.16/turn              l - +2 ring of intelligence

@: no status effects
A: distributed training, fangs 1, strong nose
a: Stomp, Renounce Religion


You were on level 9 of the Dungeon.
You worshipped Uskayaw.
Uskayaw was noncommittal.
You were near starving.

You visited 2 branches of the dungeon, and saw 10 of its levels.

You collected 317 gold pieces.

Inventory:

Hand Weapons
 A - the +7 falchion "Kagor" (weapon) {vamp, *Noise rElec Dex+4}
   (You found it on level 7 of the Dungeon)

   It inflicts no extra harm, but heals its wielder when it wounds a living foe.
   It affects your dexterity (+4).
   It insulates you from electricity.
   It may make noises in combat.
Missiles
 p - 12 poisoned darts (quivered)
Armour
 e - a +0 leather armour (worn)
 f - a +0 pair of boots (worn)
 i - a cursed +0 cloak (worn)
 y - a +0 buckler (worn)
Magical Staves
 B - an uncursed staff of earth {unknown}
Jewellery
 l - a +2 ring of intelligence (right hand)
 w - a +3 ring of protection (left hand)
 x - an uncursed ring of protection from magic
Wands
 D - a wand of paralysis (6)
Scrolls
 b - 4 scrolls of identify
 d - 2 scrolls of immolation {unknown}
 g - 2 scrolls of teleportation
 h - a scroll of fog {unknown}
 j - 3 scrolls of remove curse {unknown}
 k - a scroll of enchant weapon {unknown}
 r - a scroll of fear {unknown}
 u - a scroll of enchant armour {unknown}
 v - a scroll of blinking {unknown}
 C - a scroll of random uselessness {unknown}
 E - a scroll of magic mapping {unknown}
Potions
 a - 2 potions of lignification {unknown}
 m - a potion of invisibility {unknown}
 n - a potion of curing {unknown}
 o - a potion of heal wounds {unknown}
 q - 2 potions of cancellation {unknown}
 s - a potion of mutation {unknown}
 t - a potion of haste {unknown}
 z - a potion of brilliance {unknown}
Comestibles
 c - 7 rations


   Skills:
 + Level 3.9 Fighting
 + Level 3.9 Short Blades
 + Level 3.9 Long Blades
 + Level 3.9 Axes
 + Level 3.9 Maces & Flails
 + Level 3.9 Polearms
 + Level 3.9 Staves
 + Level 3.9 Slings
 + Level 3.9 Bows
 + Level 3.9 Crossbows
 + Level 3.9 Throwing
 + Level 3.9 Armour
 + Level 6.1 Dodging
 + Level 5.8 Stealth
 + Level 3.9 Shields
 + Level 3.9 Unarmed Combat
 + Level 6.4 Spellcasting
 + Level 3.2 Conjurations
 + Level 3.2 Hexes
 + Level 3.2 Charms
 + Level 3.2 Summonings
 + Level 3.2 Necromancy
 + Level 3.2 Translocations
 + Level 3.9 Transmutations
 + Level 3.2 Fire Magic
 + Level 3.2 Ice Magic
 + Level 3.2 Air Magic
 + Level 3.2 Earth Magic
 + Level 6.4 Poison Magic
 + Level 4.3 Invocations
 + Level 3.9 Evocations


You had 7 spell levels left.
You knew the following spells:

 Your Spells              Type           Power        Failure   Level  Hunger
a - Sting                 Tmut/Pois      ####         1%          1    None
b - Ignite Poison         Fire/Tmut/Pois ####....     5%          3    #......
c - Mephitic Cloud        Conj/Pois/Air  ####....     6%          3    #......
d - Olgreb's Toxic Radia  Pois           #####...     9%          4    ###....
e - Searing Ray           Conj           ###...       4%          2    None

Your spell library contained the following spells:

 Spells                   Type           Power        Failure   Level  Hunger
 Poisonous Vapours        Pois/Air       ####..       2%          2    None
 Magic Dart               Conj           ###.         3%          1    None
 Dazzling Flash           Conj/Hex       ###...       9%          3    #......
 Fulminant Prism          Conj/Hex       ###.......   30%         4    ###....
 Iskenderun's Mystic Bla  Conj/Tloc      ###.....     30%         4    ###....


Dungeon Overview and Level Annotations

Branches:
Dungeon (9/15)             Temple (1/1) D:6
   Lair: D:8-11         Orc: D:9-12

Altars:
Ashenzari
Dithmenos
Fedhas
Gozag
Okawaru
Qazlal
Uskayaw
Wu Jian
Yredelemnul
Zin
The Shining One


Innate Abilities, Weirdness & Mutations

Your experience applies equally to all skills.
You have very sharp teeth.
Your uncanny sense of smell can sniff out nearby items.


Message History

Your toxic aura wanes.
You kill the orc! x2
A hound comes into view.
The orc priest misses you.
An orc comes into view. It is wielding a +0 mace.
You can now pass through a line of other dancers.
The hound barks!
You hit the orc priest.
You kill the orc priest!
You have reached level 9!
Your experience leads to an increase in your attributes!
Your base attributes are Str 10, Int 19, Dex 17.
Increase (S)trength, (I)ntelligence, or (D)exterity?
You feel clever.
You hear a shout!
Things that are here:
a +2 vampiric hand axe; 3 gold pieces; an orc corpse
Casting: Olgreb's Toxic Radiance (safe; 9% risk of failure)
Confirm with . or Enter, or press ? or * to list all spells.
You begin to radiate toxic energy.
The orc is poisoned.
The hound is poisoned.
The orc looks even sicker.
The hound looks even sicker.
An orc comes into view.
It is wielding a +2 short sword of freezing.
You hit the hound.
The hound is heavily wounded.
The orc looks even sicker.
The orc is poisoned.
You kill the scorpion!
Your Dodging skill increases to level 6!
Your toxic aura wanes.
You kill the orc!
The hound barely misses you. The hound bites you but does no damage.
Uskayaw will force your foes to helplessly watch your dance.
Uskayaw prepares the audience for your solo!
The helpless hound fails to defend itself.
You hit the hound. You bite the hound, but do no damage.
The hound is severely wounded.
The helpless hound fails to defend itself.
You slash the hound!
You kill the hound!
An ogre comes into view. It is wielding a +0 giant club.
The ogre shouts!
You kill the orc!
Casting: Olgreb's Toxic Radiance (safe; 9% risk of failure)
Confirm with . or Enter, or press ? or * to list all spells.
You begin to radiate toxic energy.
The ogre is poisoned.
The ogre looks even sicker.
Your toxic aura wanes.
Things that are here:
a +2 vampiric hand axe; 3 gold pieces; an orc corpse The hound skeleton misses you.
You slash the hound skeleton! You bite the hound skeleton.
The hound skeleton is moderately damaged.
The hound skeleton closely misses you.
Uskayaw will force your foes to share their pain.
Uskayaw links your audience in an emotional bond!
Casting: Olgreb's Toxic Radiance (safe; 9% risk of failure)
Confirm with . or Enter, or press ? or * to list all spells.
You don't have enough magic to cast that spell.
You slash the hound skeleton! You bite the hound skeleton.
The hound skeleton is almost destroyed.
The hound skeleton closely misses you.
Casting: Olgreb's Toxic Radiance (safe; 9% risk of failure)
Confirm with . or Enter, or press ? or * to list all spells.
You don't have enough magic to cast that spell.
You destroy the hound skeleton!
The ogre is no longer sharing its pain.
The ogre hits you with a +0 giant club!
Uskayaw prepares the audience for your solo!
The ogre is no longer paralysed.
The ogre closely misses you.
Your magical contamination has completely faded away.
Casting: Olgreb's Toxic Radiance (safe; 9% risk of failure)
Confirm with . or Enter, or press ? or * to list all spells.
You ignite the poison in your surroundings!
The ogre seems to burn from within!!
You kill the ogre!
Uskayaw will force your foes to helplessly watch your dance.
You see here a +0 giant club.
There isn't anything to butcher here.
Okay, then.
Okay, then.
You see here a +0 mace.
You can no longer pass through a line of other dancers.
Found a basalt altar of Yredelemnul.
A howler monkey comes into view.
Found 12 gold pieces.
Found a shadowy altar of Dithmenos.
There is an open door here.
An orc comes into view.
The howler monkey howls!
You hear a howl!
You hear an angry hiss.
You hear a howl!
A howler monkey comes into view.
You hear a howl!
You hear a chilling moan.
You hear a howl!
A leopard gecko, a rakshasa and a howler monkey come into view.
The leopard gecko hisses angrily.
You hear a howl!
You hear a shout!
An ogre comes into view. It is wielding a +0 giant club.
The leopard gecko moves out of view.
The helpless orc fails to defend itself.
You slash the orc!
You kill the orc!
You open the door. 2 orcs and 2 howler monkeys come into view.
An adder comes into view.
A howler monkey comes into view.
The adder moves out of view.
Found a dagger.
Found a stone staircase leading down.
There is an open door here.
Casting: Ignite Poison (safe; 5% risk of failure)
Confirm with . or Enter, or press ? or * to list all spells.
You begin to radiate toxic energy.
The orc shouts!
The orc is poisoned.
The orc shouts!
The orc is poisoned.
The howler monkey is poisoned.
The howler monkey howls!
The howler monkey is poisoned. x2
You are near starving!
The howler monkey looks even sicker.
The howler monkey hoots and howls with incredible vigour!
You hear a shout! x4
You can now pass through a line of other dancers.
You slash the howler monkey!
You feel better.
The howler monkey is severely wounded.
The orc looks even sicker.
Your toxic aura wanes.
You hear an angry hiss.
You kill the orc!
The howler monkey closely misses you.
The howler monkey hoots and howls with incredible vigour!
You hear a shout!
You barely miss the howler monkey.
You bite the howler monkey, but do no damage.
The howler monkey is almost dead.
An orc comes into view. It is wielding a +0 short sword.
The howler monkey hits you but does no damage.
You closely miss the howler monkey.
The howler monkey is heavily wounded.
The howler monkey looks more healthy. x2
You kill the howler monkey!
The howler monkey hoots and howls with incredible vigour!
You hit the howler monkey.
You feel better.
The howler monkey is severely wounded.
The howler monkey barely misses you.
An orc wizard comes into view. It is wielding a +0 dagger.
The howler monkey closely misses you.
You riposte.
You slash the howler monkey!
You kill the howler monkey!
You block the howler monkey's attack.
Uskayaw will force your foes to helplessly watch your dance.
An orc comes into view. It is wielding a +0 hand axe.
You slash the howler monkey! You bite the howler monkey.
The howler monkey is almost dead.
The howler monkey hoots and howls with incredible vigour!
You hear a shout!
You slash the howler monkey!
You kill the howler monkey!
The orc looks more healthy.
Uskayaw will force your foes to share their pain.
Uskayaw links your audience in an emotional bond!
You slash the orc!
You kill the orc! x3
Casting: Olgreb's Toxic Radiance (safe; 9% risk of failure)
Confirm with . or Enter, or press ? or * to list all spells.
Aiming: Searing Ray (safe; 4% risk of failure)
Press: ? - help, Shift-Dir - straight line, f - ogre
Aim: an ogre, wielding a +0 giant club The searing ray hits the adder.
You kill the adder!
The searing ray hits the ogre.
The ogre is lightly wounded. (Press . to maintain the ray.)
The orc wizard gestures wildly while chanting.
The orc wizard seems to speed up.
Without enough magic to sustain it, your searing ray dissipates.
The orc wizard gestures wildly while chanting.
The orc wizard blinks!
The ogre hits you with a +0 giant club!!
The orc wizard casts a spell at you. The magic dart hits you.
The orc wizard gestures at you while chanting.
You easily resist.
The orc wizard is no longer sharing its pain.
The orc wizard points at you and mumbles some strange words.
The magic dart hits you but does no damage.
You hit the orc wizard but do no damage.
The orc wizard is almost dead.
The orc wizard barely misses you.
The orc wizard hits you with a +0 dagger.
You hit the orc wizard.
You kill the orc wizard!
Uskayaw prepares the audience for your solo!
The ogre is no longer paralysed.
You can no longer pass through a line of other dancers.
You see here a +0 giant club.
There is a stone staircase leading down here.
You climb downwards.
There is a stone staircase leading up here.
Something hits you but does no damage.
Deactivating autopickup; reactivate with Ctrl-A.
Something hits you!!
* * * LOW HITPOINT WARNING * * *
Something hits you but does no damage. Something hits you!
You die...

....... ∆
....... .......
.......
###.......
......$..
#........
#@.......
#######........
.Z.....<.......
.......(.......
.............(.
#########......
...... ......
......


There were no monsters in sight!

Vanquished Creatures
  Pikel (D:5)
  Sigmund (D:5)
  2 orc warriors (D:6)
  A slave (D:5)
  An ogre (D:8)
  A sky beast (D:5)
  A centaur (D:5)
  A bullfrog (D:8)
  A scorpion (D:8)
  4 howler monkeys
  A bullfrog zombie (D:6)
  3 orc wizards
  4 hounds
  4 orc priests
  A bullfrog skeleton (D:7)
  An iguana (D:6)
  A worker ant (D:6)
  A hound skeleton (D:8)
  A worker ant zombie (D:6)
  A howler monkey skeleton (D:7)
  11 adders
  2 shadow imps
  An adder skeleton (D:4)
  3 worms
  A dart slug (D:2)
  4 leopard geckos
  21 orcs
  2 giant cockroaches
  5 hobgoblins
  16 jackals
  5 kobolds
  A quokka (D:5)
  3 bats
  2 frilled lizards
  7 goblins
  3 rats
119 creatures vanquished.

Notes
Turn   | Place    | Note
-------+----------+-------------------------------------------
     0 | D:1      | FessEmpty the Gnoll Venom Mage began the quest for the Orb.
     0 | D:1      | Reached XP level 1. HP: 13/13 MP: 6/6
   270 | D:1      | Reached XP level 2. HP: 18/19 MP: 2/7
   474 | D:2      | Reached XP level 3. HP: 14/25 MP: 0/9
   481 | D:2      | Reached skill level 5 in Spellcasting
   637 | D:2      | Reached skill level 1 in Invocations
   642 | D:2      | Learned a level 3 spell: Ignite Poison
   646 | D:2      | Learned a level 3 spell: Mephitic Cloud
   889 | D:2      | Reached skill level 1 in Fighting
   889 | D:2      | Reached skill level 1 in Short Blades
   889 | D:2      | Reached skill level 1 in Long Blades
   889 | D:2      | Reached skill level 1 in Axes
   889 | D:2      | Reached skill level 1 in Maces & Flails
   889 | D:2      | Reached skill level 1 in Polearms
   889 | D:2      | Reached skill level 1 in Staves
   889 | D:2      | Reached skill level 1 in Slings
   889 | D:2      | Reached skill level 1 in Bows
   889 | D:2      | Reached skill level 1 in Crossbows
   889 | D:2      | Reached skill level 1 in Throwing
   889 | D:2      | Reached skill level 1 in Armour
   889 | D:2      | Reached skill level 1 in Shields
   889 | D:2      | Reached skill level 1 in Unarmed Combat
   889 | D:2      | Reached skill level 1 in Evocations
   894 | D:2      | Reached XP level 4. HP: 30/32 MP: 0/11
  1052 | D:4      | Found an ornate altar of the Wu Jian Council.
  1059 | D:4      | Found an iron altar of Okawaru.
  1088 | D:4      | Reached skill level 1 in Conjurations
  1088 | D:4      | Reached skill level 1 in Hexes
  1088 | D:4      | Reached skill level 1 in Charms
  1088 | D:4      | Reached skill level 1 in Summonings
  1088 | D:4      | Reached skill level 1 in Necromancy
  1088 | D:4      | Reached skill level 1 in Translocations
  1088 | D:4      | Reached skill level 1 in Fire Magic
  1088 | D:4      | Reached skill level 1 in Ice Magic
  1088 | D:4      | Reached skill level 1 in Air Magic
  1088 | D:4      | Reached skill level 1 in Earth Magic
  1163 | D:4      | Learned a level 4 spell: Olgreb's Toxic Radiance
  1193 | D:5      | Entered Level 5 of the Dungeon
  1201 | D:5      | Noticed Sigmund
  1222 | D:5      | Reached XP level 5. HP: 37/37 MP: 0/12
  1222 | D:5      | Killed Sigmund
  1222 | D:5      | Reached XP level 6. HP: 44/44 MP: 0/14
  1241 | D:4      | Reached skill level 5 in Dodging
  1338 | D:4      | Found a glowing golden altar of the Shining One.
  1546 | D:6      | Noticed a vampire
  1632 | D:5      | Reached XP level 7. HP: 40/50 MP: 10/15
  1676 | D:6      | Noticed a troll
  1739 | D:5      | Noticed Pikel
  1742 | D:5      | Killed Pikel
  1742 | D:5      | Reached skill level 5 in Stealth
  1742 | D:5      | Reached XP level 8. HP: 57/57 MP: 8/16
  2177 | D:7      | Got an ancient falchion
  2178 | D:7      | Identified the +7 falchion "Kagor" {vamp, *Noise rElec
                  | Dex+4} (You found it on level 7 of the Dungeon)
  2234 | D:6      | Found a staircase to the Ecumenical Temple.
  2255 | Temple   | Entered the Ecumenical Temple
  2288 | Temple   | Became a worshipper of Uskayaw the Reveler
  2337 | D:6      | Reached * piety under Uskayaw
  2366 | D:6      | Reached ** piety under Uskayaw
  2367 | D:6      | Reached *** piety under Uskayaw
  2669 | D:8      | Learned a level 2 spell: Searing Ray
  2731 | D:8      | Reached XP level 9. HP: 65/65 MP: 7/18
  2743 | D:8      | Reached **** piety under Uskayaw
  2765 | D:8      | Found a basalt altar of Yredelemnul.
  2769 | D:8      | Found a shadowy altar of Dithmenos.
  2773 | D:8      | Noticed a rakshasa
  2829 | D:9      | Slain by a shadow wraith

Levels and vault maps discovered:
D:1:      elethiomel_arrival_shortcut, layout_basic
D:2:      layout_loops_ring, first_ration
D:3:      layout_rooms, nicolae_overflow_crystal_walls
D:4:      layout_cave_pods, lemuel_doored_altar, grunt_temple_overflow_open,
          chequers_serial_rivers_large_b
D:5:      layout_basic, hangedman_abyss_or_decor_stabs,
          hangedman_decor_clover_reticule, uniq_sigmund, uniq_pikel
D:6:      layout_basic, minmay_temple_entry_grid, minmay_misc_feat_columns
D:7:      layout_rooms
D:8:      layout_basic, elyvilon_altar_5, gammafunk_temple_overflow_wave,
          hangedman_pestilent_swarm, jmf_multi_god_temple, uniq_grum
D:9:      layout_long_grid, david_lair_generic
Temple:   regret_index_temple_waves

Skill      XL: |  1  2  3  4  5  6  7  8  9 |
---------------+----------------------------+-----
Transmutations | 2 3 |  3.9
Spellcasting   | 5 6 |  6.4
Invocations    | 1 2 3 4 |  4.3
Fighting       | 1 2 3 |  3.9
Short Blades   | 1 2 3 |  3.9
Long Blades    | 1 2 3 |  3.9
Axes           | 1 2 3 |  3.9
Maces & Flails | 1 2 3 |  3.9
Polearms       | 1 2 3 |  3.9
Staves         | 1 2 3 |  3.9
Slings         | 1 2 3 |  3.9
Bows           | 1 2 3 |  3.9
Crossbows      | 1 2 3 |  3.9
Throwing       | 1 2 3 |  3.9
Armour         | 1 2 3 |  3.9
Shields        | 1 2 3 |  3.9
Unarmed Combat | 1 2 3 |  3.9
Evocations     | 1 2 3 |  3.9
Conjurations   | 1 2 3 |  3.2
Hexes          | 1 2 3 |  3.2
Charms         | 1 2 3 |  3.2
Summonings     | 1 2 3 |  3.2
Necromancy     | 1 2 3 |  3.2
Translocations | 1 2 3 |  3.2
Fire Magic     | 1 2 3 |  3.2
Ice Magic      | 1 2 3 |  3.2
Air Magic      | 1 2 3 |  3.2
Earth Magic    | 1 2 3 |  3.2
Dodging        | 5 6 |  6.1
Stealth        | 5 |  5.8
Poison Magic   | 6 |  6.4

Action                   |  1- 3 |  4- 6 |  7- 9 || total
-------------------------+-------+-------+-------++-------
Melee: Unarmed           |    20 |       |       ||    20
       Bite              |     6 |     3 |    13 ||    22
       Mace              |     5 |    57 |       ||    62
       Falchion          |       |     2 |    44 ||    46
       Punch             |       |       |     1 ||     1
       Whip              |       |       |    33 ||    33
 Cast: Sting             |    51 |    36 |    19 ||   106
       Ignite Poison     |     2 |     1 |     5 ||     8
       Mephitic Cloud    |     1 |       |       ||     1
       Olgreb's Toxic Ra |       |     3 |    10 ||    13
       Searing Ray       |       |       |     2 ||     2
  Use: Scroll            |       |       |     2 ||     2
 Stab: Sleeping          |       |       |     4 ||     4
       Paralysed         |       |       |     2 ||     2
  Eat: Chunk             |       |     3 |     4 ||     7
Armor: Leather armour    |    15 |    33 |    28 ||    76
Dodge: Dodged            |    64 |    98 |    66 ||   228
Block: Buckler           |       |       |     2 ||     2
       Rpst.: Falchion   |       |     1 |    15 ||    16

Table legend:
 A = Non-vault XP
 B = Vault XP
 C = Vault XP percentage of total XP
 D = Non-vault monster count
 E = Vault monster count
 F = Vault count percentage of total count
                 A         B        C        D         E       F
            +---------+---------+-------+---------+---------+-------
      Total |    1994 |     855 |  30.0 |     114 |       4 |   3.4
            +---------+---------+-------+---------+---------+-------
        D:1 |      14 |       0 |   0.0 |       8 |       0 |   0.0
        D:2 |      74 |       0 |   0.0 |      24 |       0 |   0.0
        D:3 |      41 |       0 |   0.0 |      11 |       0 |   0.0
        D:4 |      92 |       0 |   0.0 |      14 |       0 |   0.0
        D:5 |     293 |     849 |  74.3 |       7 |       2 |  22.2
        D:6 |     740 |       0 |   0.0 |      24 |       0 |   0.0
        D:7 |     120 |       0 |   0.0 |       5 |       0 |   0.0
        D:8 |     620 |       6 |   1.0 |      21 |       2 |   8.7
            +---------+---------+-------+---------+---------+-------
